 Dungeon Crawl Stone Soup version 0.29.1-15-g9cfb28693d (webtiles) character file.

Game seed: 802222649517693917

5477 MisterFreud the Gouger (level 10, -4/51 HPs)
             Began as a Felid Berserker on Apr 19, 2023.
             Was a Priest of Trog.
             Slain by a vampire mosquito (10 damage)
             ... on level 13 of the Dungeon.
             The game lasted 00:16:38 (14039 turns).

MisterFreud the Gouger (Felid Berserker)           Turns: 14039, Time: 00:16:38

Health: -4/51      AC:  2    Str: 13    XL:     10   Next: 42%
Magic:  11/11      EV: 33    Int:  9    God:    Trog [***...]
Gold:   682        SH:  0    Dex: 26    Spells: 9/9 levels left
                                        Lives:  0   Deaths: 3

rFire   . . .      SeeInvis +     - Unarmed
rCold   . . .      Faith    .   (shield unavailable)
rNeg    . . .      Spirit   .   (body armour unavailable)
rPois   .          Reflect  .   (helmet unavailable)
rElec   .          Harm     .   (cloak unavailable)
rCorr   .          Rampage  .   (gloves unavailable)
Will    +++..                   (boots unavailable)
Stlth   +++++.....              (no amulet)
HPRegen 1.17/turn               C - +6 ring of dexterity
MPRegen 0.12/turn               t - +4 ring of slaying

@: marked, strong-willed (expiring), regenerating (expiring), quick
A: very small, claws 1, fangs 3, see invisible, speed 1, shaggy fur 2, stealthy
paws, no weapons or thrown items, no armour, multi-lived
a: Renounce Religion, Berserk, Trog's Hand


You were on level 13 of the Dungeon.
You worshipped Trog.
Trog was most pleased with you.
You visited 1 branch of the dungeon, and saw 13 of its levels.

You collected 682 gold pieces.

Inventory:

Jewellery
 b - a ring of positive energy
 i - a +4 ring of protection
 o - a ring of ice
 q - a ring of ice
 t - a +4 ring of slaying (right paw)
 v - an amulet of reflection
 B - a ring of ice
 C - a +6 ring of dexterity (left paw)
Wands
 m - a wand of iceblast (13)
 r - a wand of polymorph (1)
 x - a wand of acid (12)
 z - a wand of digging (6)
Scrolls
 a - a scroll of fog
 k - 4 scrolls of teleportation
 w - a scroll of identify
 y - a scroll of magic mapping
Potions
 d - 2 potions of attraction
 e - 2 potions of might
 f - 5 potions of curing
 g - 3 potions of cancellation
 h - a potion of resistance
 j - 3 potions of flight
 l - a potion of invisibility {unknown}
 n - 2 potions of mutation
 p - a potion of berserk rage {unknown}
 s - a potion of ambrosia
 u - 3 potions of lignification


   Skills:
 - Level 10.0 Fighting
 - Level 14.0 Dodging
 - Level 10.0 Stealth
 + Level 14.6 Unarmed Combat
 + Level 6.9 Evocations


You had 9 spell levels left.
You didn't know any spells.
Your spell library was empty.

Dungeon Overview and Level Annotations

Branches:
Dungeon (14/15)            Temple (0/1) D:4            Lair (0/5) D:10
 Vaults (0/5) D:14
    Orc: D:9-12

Altars:
Fedhas
Gozag
Hepliaklqana
Qazlal
Sif Muna
Xom

Portals:
Trove: D:14 (give 18 potions of curing)

Annotations:
D:13 Erolcha
D:14 Agnes


Innate Abilities, Weirdness & Mutations

You have sharp claws.
You have razor-sharp teeth.
You have supernaturally acute eyesight. (SInv)
You cover ground quickly. (Speed+)
You are covered in thick fur. (AC +2)
Your paws help you pounce on unaware monsters.
You are incapable of wielding weapons or throwing items.
You cannot wear armour.
You gain extra lives every three experience levels.


Message History

The cyan ugly thing completely misses you.
Unknown command.
A vampire mosquito comes into view.
Found a battleaxe.
The centaur unwields a +0 shortbow.
The centaur completely misses you. The centaur misses you.
The vampire mosquito completely misses you.
The centaur attacks as you move away! The centaur completely misses you.
The centaur misses you.
The vampire mosquito attacks as you move away!
The vampire mosquito completely misses you.
The centaur wields a +0 shortbow.
The centaur shoots an arrow.
The arrow misses you. The vampire mosquito misses you. x2
The vampire mosquito bites you.
The vampire mosquito draws strength from your injuries!
You hear a grinding noise.
You feel the effects of Trog's Hand fading.
The vampire mosquito barely misses you.
The vampire mosquito completely misses you.
The vampire mosquito attacks as you move away!
The vampire mosquito misses you.
The centaur shoots an arrow.
The arrow closely misses you.
The vampire mosquito attacks as you move away!
The vampire mosquito bites you!
The vampire mosquito draws strength from your injuries!
The vampire mosquito attacks as you move away!
The vampire mosquito barely misses you. The vampire mosquito bites you!
* * * LOW HITPOINT WARNING * * *
The vampire mosquito draws strength from your injuries!
The vampire mosquito completely misses you.
The vampire mosquito attacks as you move away!
The vampire mosquito bites you.
* * * LOW HITPOINT WARNING * * *
The vampire mosquito draws strength from your injuries!
A yak comes into view.
The vampire mosquito attacks as you move away!
The vampire mosquito completely misses you. 4 gnolls come into view.
A gnoll is wielding a +0 whip of venom.
The vampire mosquito bites you!
You die...

# #.######### ....)....
#......
..##########...#########
........y.u.............
.......@yc.p.W..........
......Y###########..####
#####.g ########..# ....
..........#### .....
.............. ....g##
#######.......
...g.############.......
...g..........W.........
.....................


You could see a cyan ugly thing, a yak, a human, 2 vampire mosquitoes, a shadow,
a centaur and 4 gnolls.

Vanquished Creatures
  Snorg (D:10)
  A boulder beetle (D:14)
  A two-headed ogre (D:11)
  Erica (D:9)
  2 centaur warriors
  Urug (D:14)
  A shock serpent (D:14)
  An ugly thing (D:11)
  3 manticores
  Maggie (D:9)
  2 trolls
  A hornet (D:9)
  Sigmund (D:2)
  2 shadows
  2 wyverns
  A wraith (D:11)
  32 yaks
  4 humans (D:14)
  Menkaure (D:7)
  2 acid dragons
  4 water moccasins
  2 sky beasts (D:7)
  2 orc warriors (D:7)
  2 black bears (D:6)
  An ice beast (D:5)
  2 ogres
  7 centaurs
  2 phantoms (D:6)
  Blork the orc (D:6)
  3 kobold brigands
  A bullfrog (D:8)
  2 necrophages
  A gnoll sergeant (D:9)
  6 scorpions
  2 killer bees (D:11)
  6 howler monkeys
  5 orc priests
  4 jellies
  Crazy Yiuf (D:7)
  2 iguanas
  Terence (D:2)
  13 orc wizards
  3 gnolls (D:9)
  11 adders
  8 white imps
  An ufetubus (D:5)
  38 orcs
  5 bats
  8 endoplasms
  4 goblins
  4 hobgoblins
  3 jackals (D:1)
  9 kobolds
  4 quokkas
  9 ball pythons
  2 frilled lizards
  A rat (D:2)
241 creatures vanquished.

Vanquished Creatures (others)
  2 fungi (D:2)
  6 plants (D:5)
8 creatures vanquished.

Grand Total: 249 creatures vanquished

Notes
Turn   | Place    | Note
-------+----------+-------------------------------------------
     0 | D:1      | MisterFreud the Felid Berserker began the quest for the
                  | Orb.
     0 | D:1      | Reached XP level 1. HP: 10/10 MP: 2/2
   209 | D:1      | Reached skill level 1 in Stealth
   606 | D:1      | Reached XP level 2. HP: 11/14 MP: 3/3
  1456 | D:2      | Reached XP level 3. HP: 12/17 MP: 4/4
  2479 | D:2      | Reached ** piety under Trog
  2539 | D:2      | Noticed Sigmund
  2544 | D:2      | Killed Sigmund
  2545 | D:2      | Reached skill level 5 in Stealth
  2545 | D:2      | Reached skill level 5 in Unarmed Combat
  2545 | D:2      | Reached XP level 4. HP: 10/21 MP: 5/5
  2545 | D:2      | Reached XP level 5. HP: 12/24 MP: 6/6
  2546 | D:2      | Noticed Terence
  2553 | D:2      | Slain by Terence
  2554 | D:2      | Reached XP level 4. HP: -1/21 MP: 5/5
  2620 | D:2      | Killed Terence
  2621 | D:2      | Reached XP level 5. HP: 13/24 MP: 6/6
  4017 | D:4      | Found a staircase to the Ecumenical Temple.
  4117 | D:4      | Found a shimmering blue altar of Sif Muna.
  4330 | D:4      | Identified a scroll of acquirement
  4330 | D:4      | Acquired a manual of Unarmed Combat
  4372 | D:5      | Entered Level 5 of the Dungeon
  4759 | D:5      | Gained mutation: You are covered in thick fur. (AC +2)
                  | [Felid growth]
  4759 | D:5      | Reached XP level 6. HP: 27/28 MP: 7/7
  5005 | D:5      | Noticed an ice beast
  5014 | D:5      | Killed an ice beast
  5071 | D:5      | Noticed a water moccasin
  5076 | D:5      | Killed a water moccasin
  5160 | D:5      | Reached skill level 5 in Dodging
  5160 | D:5      | Reached XP level 7. HP: 31/31 MP: 8/8
  5652 | D:5      | Found a hazy altar of Hepliaklqana.
  6157 | D:6      | Noticed a manticore
  6168 | D:6      | Killed a manticore
  6169 | D:6      | Reached skill level 5 in Fighting
  6169 | D:6      | Reached XP level 8. HP: 14/37 MP: 9/9
  6506 | D:6      | Reached *** piety under Trog
  6744 | D:6      | Noticed Blork the orc
  6754 | D:6      | Killed Blork the orc
  7016 | D:6      | Reached skill level 10 in Unarmed Combat
  7183 | D:6      | Reached XP level 9. HP: 41/41 MP: 10/10
  7226 | D:6      | Reached skill level 10 in Dodging
  7461 | D:7      | Noticed Menkaure
  7468 | D:7      | Killed Menkaure
  7469 | D:7      | Reached skill level 1 in Evocations
  7952 | D:7      | Found a runed translucent door.
  7953 | D:7      | Noticed Crazy Yiuf
  8016 | D:7      | Found a blossoming altar of Fedhas.
  8427 | D:7      | Killed Crazy Yiuf
  8790 | D:7      | Reached **** piety under Trog
  9608 | D:8      | Reached XP level 10. HP: 27/45 MP: 11/11
  9835 | D:8      | Reached skill level 5 in Evocations
 10103 | D:8      | Found a shimmering altar of Xom.
 10132 | D:8      | Found a stormy altar of Qazlal.
 10328 | D:9      | Paralysed by a hornet for 1 turns
 10497 | D:9      | Noticed Erica
 10521 | D:9      | Killed Erica
 10522 | D:9      | Reached skill level 10 in Stealth
 10749 | D:9      | Noticed Maggie
 10913 | D:9      | Identified the +10 whip "Yfobuis" {vamp, Str+3 Int-2
                  | Stlth+}
 11229 | D:9      | Killed Maggie
 11338 | D:10     | Entered Level 10 of the Dungeon
 11422 | D:10     | Reached XP level 11. HP: 18/51 MP: 12/12
 11713 | D:10     | Noticed a centaur warrior
 11715 | D:10     | Killed a centaur warrior
 11932 | D:10     | Noticed Snorg
 11946 | D:10     | Killed Snorg
 12449 | D:10     | Found a staircase to the Lair.
 13246 | D:11     | Noticed a two-headed ogre
 13246 | D:11     | Noticed a white ugly thing
 13257 | D:11     | Killed a two-headed ogre
 13268 | D:11     | Killed a white ugly thing
 13271 | D:11     | Reached skill level 10 in Fighting
 13627 | D:11     | You fall into a shaft and drop 3 floors!
 13630 | D:14     | Noticed a centaur warrior
 13691 | D:14     | Noticed a centaur warrior
 13703 | D:14     | Killed a centaur warrior
 13765 | D:14     | Noticed Agnes
 13768 | D:14     | Found a portal to a secret trove of treasure.
 13777 | D:14     | Mangled by Agnes
 13778 | D:14     | Reached XP level 10. HP: -12/76 MP: 11/11
 13780 | D:14     | Noticed a manticore
 13784 | D:14     | Killed a manticore
 13785 | D:14     | Reached XP level 11. HP: 54/54 MP: 12/12
 13826 | D:14     | Found an opulent altar of Gozag.
 13856 | D:14     | Noticed a boulder beetle
 13876 | D:14     | Killed a boulder beetle
 13891 | D:14     | Noticed Urug
 13892 | D:14     | Noticed a two-headed ogre
 13905 | D:14     | Killed Urug
 13914 | D:14     | Noticed Nessos
 13916 | D:14     | Noticed Nessos
 13916 | D:14     | Nessos changed into Nessos the shock serpent
 13921 | D:14     | HP: 2/81 [Nessos the shock serpent (13)]
 13922 | D:14     | Killed Nessos the shock serpent
 13922 | D:14     | Killed from afar by a shock serpent
 13923 | D:14     | Reached XP level 10. HP: -11/76 MP: 11/11
 13959 | D:14     | Noticed a wolf spider
 13959 | D:14     | Noticed a cyclops
 13960 | D:14     | Noticed a centaur warrior
 13999 | D:14     | Noticed a seven-headed hydra
 14004 | D:14     | Found a gate to the Vaults.
 14014 | D:13     | Noticed Erolcha
 14020 | D:13     | Noticed a cyan ugly thing
 14039 | D:13     | Slain by a vampire mosquito

Illustrated notes

Levels and vault maps discovered:
D:1:      scummos_arrival_hexagon, layout_loops_cross, minmay_domino_4
D:2:      layout_loops_ring, chequers_serial_rivers_micro_d,
          minmay_strange_pillars, minmay_shallow_snake_nest, uniq_terence,
          uniq_sigmund
D:3:      layout_basic
D:4:      layout_gridville, nicolae_sif_muna_little_library,
          minmay_temple_entry_arrows
D:5:      layout_basic, nicolae_hepliaklqana_hazy_memory, chequers_arboretum
D:6:      layout_cave_pods, minmay_manual_monstrance, uniq_blork_the_orc
D:7:      layout_loops_ring, mainiacjoe_overflow_paths, minmay_bent,
          uniq_crazy_yiuf_cottage, uniq_menkaure
D:8:      layout_loops_cross, mainiacjoe_overflow_two_lobes, serial_aquarium,
          aquarium_bridge_long_separate [aquarium_subvault_bridge,
          aquarium_subvault_wall, aquarium_subvault_bridge,
          aquarium_subvault_bridge, aquarium_subvault_bridge,
          aquarium_subvault_wall], aquarium_window_fake, aquarium_window_3,
          aquarium_window_corner, aquarium_window_1, aquarium_view_2d,
          aquarium_balcony_3a, aquarium_pool_1
D:9:      layout_cave_pools, uniq_erica, uniq_maggie
D:10:     layout_basic, david_lair_shrubbed, kennysheep_another_room, uniq_snorg
D:11:     layout_cave_pools, kennysheep_diamond, nicolae_uskayaw_dance_hall
D:13:     fort_yaktaur, layout_long_grid, nicolae_specific_store, uniq_jorgrun,
          uniq_erolcha, uniq_maurice
D:14:     layout_loops_cross, david_vaults_3,
          portal_ice_cave_entry_ice_statue_one, nicolae_trove_entry_isolated,
          nicolae_gozag_cash_rules_everything_around_me, uniq_nessos, uniq_agnes

Skill      XL: |  1  2  3  4  5  6  7  8  9 10 11 |
---------------+----------------------------------+-----
Stealth        | 1 2 5 6 8 10 | 10.0
Unarmed Combat | 5 6 8 10 11 13 14 | 14.6
Dodging        | 5 7 9 10 11 14 | 14.0
Fighting       | 5 6 7 10 | 10.0
Evocations     | 4 5 6 |  6.9

Action                   |  1- 3 |  4- 6 |  7- 9 | 10-12 || total
-------------------------+-------+-------+-------+-------++-------
Melee: Unarmed           |   109 |    76 |   261 |   320 ||   766
       Bite              |    11 |     7 |    36 |    53 ||   107
       Punch             |       |     2 |    18 |    30 ||    50
Invok: Berserk           |     3 |     3 |     2 |    10 ||    18
       Trog's Hand       |       |       |     1 |     9 ||    10
Evoke: Wand              |       |       |       |     9 ||     9
  Use: Scroll            |     6 |    10 |       |    10 ||    26
       Potion            |       |       |       |     3 ||     3
 Stab: Sleeping          |     5 |    10 |    26 |    12 ||    53
       Distracted        |       |       |       |     1 ||     1
Armor: Skin              |     6 |     7 |    33 |    18 ||    64
Dodge: Dodged            |    92 |    46 |   267 |   332 ||   737
